 Dungeon Crawl Stone Soup version 0.29.0-11-gd7f09526c8 (webtiles) character file.

Game seed: 6672841655045650953

59252 emagee the Spry (level 14, -13/70 HPs)
             Began as a Felid Summoner on Sept 5, 2022.
             Was an Initiate of Gozag.
             Mangled by a death yak (49 damage)
             ... led by Polyphemus
             ... on level 2 of the Shoals on Sept 6, 2022.
             The game lasted 02:45:20 (38186 turns).

emagee the Spry (Felid Summoner)                   Turns: 38186, Time: 02:45:21

Health: -13/70     AC:  3    Str:  4    XL:     14   Next: 52%
Magic:  22/29      EV:  4    Int: 34    God:    Gozag
Gold:   2587       SH:  0    Dex: 16    Spells: 0/34 levels left
                                        Lives:  0   Deaths: 3

rFire   . . .      SeeInvis +   (weapon unavailable)
rCold   + . .      Faith    .   (shield unavailable)
rNeg    . . .      Spirit   .   (body armour unavailable)
rPois   .          Reflect  .   (helmet unavailable)
rElec   +          Harm     .   (cloak unavailable)
rCorr   .          Rampage  .   (gloves unavailable)
Will    +++..                   (boots unavailable)
Stlth   ++++......              F - amulet of magic regeneration
HPRegen 0.21/turn               X - ring "Seurgh" {Will+ Int+9 Dex-3 Stlth+}
MPRegen 0.61/turn               G - ring "Yroecs" {Fly rElec Dex+3 Stlth+}

@: sleeping, forested, gold aura, flying, hasted, quick
A: very small, claws 1, fangs 3, see invisible, speed 1, shaggy fur 3, stealthy
paws, no weapons or thrown items, no armour, multi-lived
a: Renounce Religion, Potion Petition, Call Merchant, Bribe Branch


You were on level 2 of the Shoals.
You worshipped Gozag.
Gozag was most pleased with you.
You visited 5 branches of the dungeon, and saw 25 of its levels.
You visited 1 bazaar.

You collected 8988 gold pieces.
You spent 2291 gold pieces at shops.
You paid 4110 gold pieces to Gozag.

Inventory:

Jewellery
 j - a +4 ring of evasion
 n - a +4 ring of evasion
 p - a +6 ring of dexterity
 q - a ring of fire
 r - a ring of resist corrosion
 F - an amulet of magic regeneration (around neck)
 G - the ring "Yroecs" (right paw) {Fly rElec Dex+3 Stlth+}
   (You bought it in a shop on level 5 of the Dungeon)

   [ring of flight]

   Dex:       It affects your dexterity (+3).
   rElec:     It insulates you from electricity.
   Fly:       It grants you flight.
   Stlth:     It makes you more stealthy.
 M - a +6 ring of dexterity
 Q - a +6 ring of strength
 S - a ring of positive energy
 T - an amulet of the acrobat
 U - a ring of protection from cold
 W - an amulet of regeneration
 X - the ring "Seurgh" (left paw) {Will+ Int+9 Dex-3 Stlth+}
   (You bought it in a shop in a bazaar)

   [ring of willpower]

   Int:       It affects your intelligence (+9).
   Dex:       It affects your dexterity (-3).
   Will:      It increases your willpower.
   Stlth:     It makes you more stealthy.
Wands
 d - a wand of polymorph (11)
 l - a wand of roots (19)
 y - a wand of mindburst (19)
 D - a wand of paralysis (8)
 I - a wand of flame (17)
 J - a wand of acid (11)
Scrolls
 b - 4 scrolls of magic mapping
 c - 11 scrolls of teleportation
 f - 8 scrolls of blinking
 g - 5 scrolls of vulnerability
 i - 2 scrolls of silence
 m - 3 scrolls of poison
 s - 7 scrolls of butterflies
 u - 2 scrolls of summoning
 x - 2 scrolls of torment
 E - 3 scrolls of noise
 H - a scroll of fear
 N - 3 scrolls of immolation
Potions
 a - a potion of magic
 e - 3 potions of cancellation
 h - 5 potions of mutation
 k - 6 potions of flight
 o - a potion of ambrosia
 t - 7 potions of brilliance
 v - 3 potions of berserk rage
 w - 2 potions of haste
 z - 5 potions of might
 A - 3 potions of invisibility
 B - a potion of heal wounds
 K - a potion of resistance
 L - 9 potions of curing
 P - 6 potions of lignification
Miscellaneous
 C - a lightning rod (4/4)
 R - a box of beasts


   Skills:
 + Level 13.1 Fighting
 + Level 17.0 Dodging
 - Level 2.6 Stealth
 - Level 10.5 Spellcasting
 - Level 10.0 Hexes
 - Level 14.0 Summonings
 - Level 10.0 Translocations
 * Level 8.8 Transmutations
 * Level 11.1 Air Magic


You couldn't memorise any spells.
You knew the following spells:

 Your Spells              Type           Power      Damage    Failure   Level
a - Storm Form            Tmut/Air       36%        N/A       34%         7
b - Call Imp              Summ           85%        N/A       0%          2
c - Call Canine Familiar  Summ           85%        N/A       1%          3
d - Summon Guardian Gole  Hex/Summ       79%        N/A       1%          3
e - Summon Lightning Spi  Summ/Air       80%        N/A       1%          4
f - Summon Mana Viper     Hex/Summ       79%        N/A       1%          5
g - Summon Cactus Giant   Summ           42%        N/A       1%          6
h - Summon Forest         Summ/Tloc      39%        N/A       1%          5

Your spell library contained the following spells:

 Spells                   Type           Power      Damage    Failure   Level
 Summon Small Mammal      Summ           100%       N/A       0%          1
 Beastly Appendage        Tmut           100%       N/A       1%          1
 Slow                     Hex            100%       N/A       1%          1
 Sting                    Tmut/Pois      100%       1d8       1%          1
 Poisonous Vapours        Pois/Air       100%       N/A       1%          2
 Static Discharge         Conj/Air       54%        3-10/arc  1%          2
 Wereblood                Tmut           68%        N/A       1%          2
 Confusing Touch          Hex            72%        N/A       1%          3
 Mephitic Cloud           Conj/Pois/Air  43%        N/A       1%          3
 Spider Form              Tmut/Pois      48%        N/A       1%          3
 Magic Dart               Conj           68%        1d6       2%          1
 Necrotise                Necr           68%        1d7       2%          1
 Searing Ray              Conj           34%        2d5       3%          2
 Fulminant Prism          Conj/Hex       25%        3d14      3%          4
 Leda's Liquefaction      Hex/Erth       25%        N/A       3%          4
 Vampiric Draining        Necr           17%        2d7       8%          3
 Dispel Undead            Necr           17%        3d10      26%         4
 Flame Wave               Conj/Fire      17%        2d7       26%         4
 Olgreb's Toxic Radiance  Pois           17%        N/A       26%         4
 Sticky Flame             Conj/Fire      17%        2d4       26%         4
 Agony                    Necr           17%        N/A       56%         5
 Spellforged Servitor     Conj/Summ      30%        N/A       77%         7
 Maxwell's Capacitive Co  Air            38%        ∞         86%         8
 Orb of Destruction       Conj           8%         9d6       100%        7
 Fire Storm               Conj/Fire      8%         8d2       100%        9
 Portal Projectile        Hex/Tloc       Unusable   N/A       N/A         3
 Corpse Rot               Necr/Pois/Air  Unusable   N/A       N/A         4

Dungeon Overview and Level Annotations

Branches:
Dungeon (15/15)            Temple (1/1) D:6            Lair (5/5) D:8
 Shoals (2/4) Lair:3       Spider (0/4) Lair:3        Slime (0/5) Lair:5
    Orc (2/2) D:9             Elf (0/3) Orc:2        Vaults (0/5) D:13
 Depths (0/4) D:15

Altars:
Ashenzari
Cheibriados
Dithmenos
Elyvilon
Fedhas
Gozag
Hepliaklqana
Kikubaaqudgha
Makhleb
Nemelex Xobeh
Okawaru
Ru
Sif Muna
Trog
Uskayaw
Vehumet
Wu Jian
Xom
Yredelemnul
Zin
The Shining One

Shops:
D:5 (:**[   D:10 =:!!   Orc:1 (   Orc:2 (?=(   Shoals:1 ::

Annotations:
D:8 Joseph
Lair:1 Amaemon
Lair:2 3 runed translucent doors, Lutefisk's ghost, journeyman TeAE
Shoals:1 3 runed translucent doors, sleeves's ghost, adept SpAE


Innate Abilities, Weirdness & Mutations

You have sharp claws.
You have razor-sharp teeth.
You have supernaturally acute eyesight. (SInv)
You cover ground quickly. (Speed+)
Your thick and shaggy fur keeps you warm. (AC +3, rC+)
Your paws help you pounce on unaware monsters.
You are incapable of wielding weapons or throwing items.
You cannot wear armour.
You gain extra lives every three experience levels.


Message History

Your mana viper disappears in a puff of smoke!
The death yak bellows!
Unknown command.
Found a dagger.
The merfolk siren is no longer distracted by gold.
The sea snake barely misses your dryad. The sea snake bites your dryad!!
The death yak is struck by your cactus giant's spines.
The death yak gores your cactus giant!
The death yak is distracted by your dazzling golden aura.
The death yak misses you. The death yak closely misses you.
The death yak bellows!
The sea snake bites your dryad!
Your cactus giant hits the death yak with a +0 giant spiked club!
The death yak dies!
Your dryad hits the death yak but does no damage.
The sea snake bites your dryad.
The sea snake bites your dryad but does no damage.
The death yak is no longer distracted by gold.
Your dryad calls out to the forest.
The forest starts to sway and rumble!
The dream sheep shake their wool and sparkle.
You feel drowsy...
You fall asleep.
The sea snake closely misses your dryad.
The sea snake is hit by a branch!
The sea snake dies!
A root smacks the faun from below!
The death yak is hit by a branch!
A tree reaches out and hits the death yak!
The dream sheep is hit by a branch!!
Your dryad hits the sea snake!
The sea snake closely misses your dryad.
Your Dodging skill increases to level 17!
The faun is hit by a branch!
The merfolk siren is hit by a branch!
A root smacks the dream sheep from below!
The dream sheep dies!
A tree reaches out and hits the dream sheep!
The dream sheep dies!
A root smacks the death yak from below!
The death yak gores you!!!
Ouch! That really hurt!
You die...
Your body crumbles into a pile of gold.

~~~~~~♣.♣♣$...~~~~~~~≈≈≈≈≈≈≈≈
~~~~~~~$♣...♣}.~~~~~~≈≈≈≈≈≈≈≈
≈~~~~~~$~♣~....~~..~~≈~~~~~~≈
≈≈~~~~.Sc$..#m♣~~.~~~~~~~~~~~
≈~~~~..YRC......~~~~~~~~~.~~~
~~~~~.~~..Y....~~~~~~~~..#.~~
~~~~~~~...Y....~~~~.....###.~
~~~~~~≈.##♣.Y~~~~~.###.## ##.
~~~~~~≈♣# #.@.~~~~.# ### #..
~~~~~≈. #♣..~~~~.# #.~
~~~~..~ ♣♣.~~~~.# ###.~
~~~...~ #..~~~~~. ###..~~
~~).. #...~~~~.###..~~~$
Y..~~≈≈~...~≈~~$.
..~~~≈≈≈≈~~~~$C.
.~~~~≈≈≈.~~~~☼.☼ ...~~~~C§9


You could see 3 death yaks, a sea snake (ally target), a faun, a merfolk siren,
a dream sheep, a friendly dryad (summoned) and a friendly cactus giant
(summoned).

Vanquished Creatures
  A death yak (Lair:5)
  A wizard (D:14)
  A wolf (Lair:5)
  A goblin (D:2)
  2 hobgoblins
  A quokka (D:4)
  A ball python (D:4)
  2 rats
10 creatures vanquished.

Vanquished Creatures (collateral kills)
  Jorgrun (D:12)
  Azrael (D:14)
  A merfolk impaler (Shoals:1)
  Josephine (Lair:5)
  6 hydras
  A rakshasa (D:13)
  4 vault guards (D:13)
  An ogre mage (Orc:2)
  4 boulder beetles
  5 centaur warriors
  2 catoblepae (Lair:5)
  Erica (Orc:1)
  9 two-headed ogres
  A deep troll shaman (Lair:5)
  3 death knights
  6 death yaks
  4 orc high priests (Orc:2)
  5 tengu warriors
  Nergalle (Lair:1)
  Sonja (Lair:1)
  A skeletal warrior (D:13)
  Lodul (D:14)
  3 sea snakes
  A necromancer (D:15)
  An orb spider (Lair:3)
  5 orc knights
  4 deep elf pyromancers
  3 phantasmal warriors
  A wolf spider zombie (D:15)
  11 manticores
  7 harpies
  4 orc sorcerers (Orc:2)
  A deep elf zephyrmancer (D:15)
  10 ugly things
  5 fauns (Shoals:1)
  19 elephants
  A water nymph (Shoals:1)
  8 cyclopes
  A naga mage (D:15)
  5 black mambas
  A torpor snail (Lair:2)
  A gargoyle (D:12)
  4 molten gargoyles (D:13)
  A centaur skeleton (D:15)
  A merfolk siren (Shoals:1)
  An efreet (D:14)
  A redback zombie (D:15)
  7 kobold demonologists
  14 rime drakes
  12 cane toads
  12 komodo dragons
  4 freezing wraiths
  2 polar bears
  5 trolls
  4 wind drakes (Shoals:1)
  6 merfolk (Shoals:1)
  6 slime creatures (D:12)
  11 dream sheep
  13 blink frogs
  A snapping turtle (Shoals:1)
  2 centaur simulacra (D:15)
  A shadow (D:9)
  Sigmund (D:3)
  A spriggan (shapeshifter) (D:13)
  A water elemental (Shoals:1)
  3 wyverns
  11 wraiths
  28 yaks
  Grum (Lair:1)
  4 fire elementals (D:14)
  7 vampire mosquitoes
  3 steam dragons
  2 wargs
  2 acid dragons
  7 water moccasins
  2 hell hounds (D:14)
  An ice beast (D:6)
  18 orc warriors
  3 black bears
  12 ogres
  17 wolves
  9 boggarts
  15 centaurs
  8 kobold brigands
  13 bullfrogs
  3 scorpions
  3 necrophages
  4 killer bees (D:10)
  2 electric eels (Lair:2)
  11 howler monkeys
  3 lava snakes (Lair:2)
  4 hounds
  A jelly (D:3)
  12 orc priests
  2 iguanas
  23 orc wizards
  5 hell rats (Lair:2)
  A spriggan simulacrum (Orc:1)
  A troll simulacrum (Orc:1)
  2 polar bear simulacra (Orc:1)
  A wolf simulacrum (Orc:1)
  Robin (D:2)
  13 gnolls
  6 adders
  4 white imps
  A worm (D:2)
  2 dart slugs
  50 orcs
  9 ball pythons
  4 bats
  7 endoplasms
  4 giant cockroaches
  11 goblins
  15 hobgoblins
  6 jackals
  7 quokkas
  2 frilled lizards
  45 kobolds
  10 rats
704 creatures vanquished.

Vanquished Creatures (others)
  Frances (D:14)
  Snorg (D:12)
  A rakshasa (D:13)
  Erolcha (D:9)
  A boulder beetle (D:15)
  A catoblepas (Lair:5)
  2 two-headed ogres
  3 death yaks
  A manticore (D:11)
  An ugly thing (D:14)
  2 gargoyles (D:10)
  Maggie (D:8)
  A tengu conjurer (D:13)
  A hornet (D:8)
  12 yaks
  A basilisk (Lair:5)
  A steam dragon (D:8)
  An acid dragon (D:10)
  3 orc warriors
  2 ogres
  A two-headed ogre simulacrum (Orc:1)
  A killer bee (D:10)
  4 electric eels (Lair:2)
  A howler monkey (D:9)
  A hound (D:5)
  2 troll simulacra (Orc:1)
  An orc (D:11)
  39 fungi
  95 plants
  7 snaplasher vines
  10 withered plants (D:11)
200 creatures vanquished.

Grand Total: 914 creatures vanquished

Notes
Turn   | Place    | Note
-------+----------+-------------------------------------------
     0 | D:1      | emagee the Felid Summoner began the quest for the Orb.
     0 | D:1      | Reached XP level 1. HP: 7/7 MP: 4/4
   302 | D:1      | Reached XP level 2. HP: 11/11 MP: 1/6
   305 | D:1      | Learned a level 2 spell: Call Imp
   874 | D:1      | Found a faded altar of an unknown god.
  1105 | D:2      | Noticed Robin
  1108 | D:2      | Reached XP level 3. HP: 14/14 MP: 5/8
  1137 | D:2      | Learned a level 3 spell: Call Canine Familiar
  1609 | D:2      | Found an iron altar of Okawaru.
  1885 | D:2      | Killed Robin
  1894 | D:2      | Reached XP level 4. HP: 13/18 MP: 2/9
  1922 | D:2      | Learned a level 3 spell: Summon Guardian Golem
  2131 | D:2      | Reached skill level 5 in Summonings
  2296 | D:2      | Reached skill level 1 in Hexes
  3214 | D:3      | Reached XP level 5. HP: 21/21 MP: 11/11
  3337 | D:3      | Noticed an ogre
  3352 | D:3      | Killed an ogre
  3669 | D:3      | Gained mutation: You are covered in thick fur. (AC +2)
                  | [Felid growth]
  3669 | D:3      | Reached XP level 6. HP: 24/24 MP: 8/13
  4051 | D:3      | Reached skill level 5 in Hexes
  4051 | D:3      | Reached XP level 7. HP: 8/27 MP: 7/14
  4056 | D:3      | Learned a level 4 spell: Summon Lightning Spire
  4580 | D:3      | Reached skill level 1 in Air Magic
  4581 | D:3      | Noticed Sigmund
  4591 | D:3      | Killed Sigmund
  4592 | D:3      | Reached skill level 5 in Spellcasting
  5515 | D:4      | Reached XP level 8. HP: 31/31 MP: 13/17
  6386 | D:5      | Entered Level 5 of the Dungeon
  6386 | D:5      | Found Kikhenno's Book Shop.
  6406 | D:5      | Found Lieheyf's Assorted Antiques.
  6409 | D:5      | Found Hyugeruo's General Store.
  6424 | D:5      | Found Veng's Antique Armour Shop.
  6631 | D:5      | Found Celaddeh's Antique Weapon Shoppe.
  7983 | D:6      | Found a staircase to the Ecumenical Temple.
  8012 | Temple   | Entered the Ecumenical Temple
  8123 | Temple   | Became a worshipper of Gozag Ym Sagoz the Greedy
  8249 | D:6      | Reached XP level 9. HP: 34/34 MP: 11/20
  9366 | D:7      | Reached skill level 5 in Air Magic
 10000 | D:8      | Shot with an arrow by a centaur
 10001 | D:8      | Reached XP level 8. HP: -4/31 MP: 9/19
 10114 | D:8      | Noticed a hornet
 10115 | D:8      | Noticed Maggie
 10170 | D:8      | Killed a hornet
 10458 | D:8      | Noticed a death yak
 10464 | D:8      | Noticed a death yak
 10466 | D:8      | Noticed a death yak
 10468 | D:8      | Noticed a two-headed ogre
 10470 | D:8      | Killed a death yak
 10471 | D:8      | Reached XP level 9. HP: 34/34 MP: 10/21
 10805 | D:8      | Killed Maggie
 11148 | D:8      | Killed a two-headed ogre
 11149 | D:8      | Reached skill level 1 in Fighting
 11149 | D:8      | Reached skill level 3 in Dodging
 11201 | D:8      | Noticed Joseph
 11614 | D:8      | Found a staircase to the Lair.
 11871 | D:8      | Killed a death yak
 11872 | D:8      | Reached skill level 4 in Dodging
 11872 | D:8      | Reached XP level 10. HP: 40/40 MP: 19/23
 11891 | D:8      | Killed a death yak
 11959 | D:8      | Reached skill level 10 in Summonings
 12515 | D:9      | Reached skill level 5 in Dodging
 12557 | D:9      | Found a staircase to the Orcish Mines.
 12589 | D:9      | Noticed a manticore
 12608 | D:9      | Killed a manticore
 12714 | D:9      | Noticed Erolcha
 12721 | D:9      | Killed Erolcha
 12722 | D:9      | Reached skill level 6 in Dodging
 13335 | D:9      | Reached XP level 11. HP: 46/46 MP: 22/25
 13565 | D:5      | Bought an amulet of magic regeneration for 360 gold pieces
 13579 | D:5      | Bought a faintly glowing jade ring for 145 gold pieces
 13579 | D:5      | Identified the ring "Yroecs" {Fly rElec Dex+3 Stlth+} (You
                  | bought it in a shop on level 5 of the Dungeon)
 13579 | D:5      | Bought a scroll labelled ZEOHYE DARPH for 29 gold pieces
 13579 | D:5      | Bought a wooden wand for 116 gold pieces
 13668 | D:10     | Entered Level 10 of the Dungeon
 13925 | D:10     | Reached skill level 7 in Dodging
 14085 | D:10     | Found Hepousche's Jewellery Shoppe.
 14195 | D:10     | Noticed a two-headed ogre
 14200 | D:10     | Noticed a five-headed hydra
 14473 | D:10     | Found Ecsemm's Book Emporium.
 14508 | D:10     | Found Racoung's Distillery.
 14511 | D:10     | Bought a potion of resistance for 100 gold pieces
 14521 | D:10     | Reached skill level 5 in Fighting
 14524 | D:10     | Noticed a boulder beetle
 14603 | D:10     | Killed a five-headed hydra
 14683 | D:10     | Killed a two-headed ogre
 14785 | D:10     | Noticed a red ugly thing
 14914 | D:5      | Bought a book of the Wilderness for 570 gold pieces
 14920 | D:5      | Learned a level 5 spell: Summon Mana Viper
 15027 | D:9      | Reached skill level 8 in Dodging
 15123 | D:10     | Killed a red ugly thing
 15977 | D:10     | Found a sparkling altar of Nemelex Xobeh.
 16004 | D:10     | Found Waopae's Distillery.
 16159 | D:10     | Killed a boulder beetle
 16380 | D:11     | Noticed a two-headed ogre
 16395 | D:11     | Killed a two-headed ogre
 16396 | D:11     | Reached skill level 10 in Spellcasting
 16633 | D:11     | Reached skill level 9 in Dodging
 16970 | D:11     | Noticed a boulder beetle
 17010 | D:11     | Killed a boulder beetle
 17180 | D:11     | Gained mutation: Your thick and shaggy fur keeps you warm.
                  | (AC +3, rC+) [Felid growth]
 17180 | D:11     | Reached XP level 12. HP: 53/53 MP: 27/27
 17187 | D:11     | Learned a level 6 spell: Summon Cactus Giant
 17446 | D:11     | Found an ancient bone altar of Kikubaaqudgha.
 18219 | Lair:1   | Entered Level 1 of the Lair of Beasts
 18224 | Lair:1   | Noticed Sonja
 18232 | Lair:1   | Killed Sonja
 18533 | Lair:1   | Learned a level 5 spell: Summon Forest
 18551 | Lair:1   | Noticed an eight-headed hydra
 18568 | Lair:1   | Killed an eight-headed hydra
 18569 | Lair:1   | Reached skill level 1 in Translocations
 18730 | Lair:1   | Noticed Amaemon
 18761 | Lair:1   | Noticed Nergalle
 18781 | Lair:1   | Killed Nergalle
 18782 | Lair:1   | Reached skill level 10 in Dodging
 19137 | Lair:1   | Noticed Grum
 19146 | Lair:1   | Killed Grum
 20039 | Lair:2   | Noticed a minotaur
 20261 | Lair:2   | Found a runed translucent gate.
 20261 | Lair:2   | Found a runed translucent gate.
 20261 | Lair:2   | Found a runed translucent gate.
 20263 | Lair:2   | Noticed Lutefisk's ghost (journeyman TeAE)
 21324 | Lair:2   | Reached skill level 5 in Translocations
 21627 | Lair:3   | Reached skill level 11 in Dodging
 21798 | Lair:3   | Found a staircase to the Shoals.
 21939 | Lair:3   | Reached XP level 13. HP: 58/58 MP: 17/28
 21945 | Lair:3   | Reached skill level 10 in Hexes
 22363 | Lair:3   | Found a hole to the Spider Nest.
 23192 | Lair:4   | Got the Essays on Conflagration
 23539 | Lair:4   | You are sucked into a shaft and drop 1 floor!
 23539 | Lair:5   | Entered Level 5 of the Lair of Beasts
 23719 | Lair:5   | Reached skill level 12 in Dodging
 23929 | Lair:5   | Found a staircase to the Slime Pits.
 24183 | Lair:4   | Found an ancient bone altar of Kikubaaqudgha.
 25059 | Lair:5   | Reached skill level 13 in Dodging
 25107 | Lair:5   | Reached XP level 14. HP: 54/65 MP: 24/29
 25266 | Lair:5   | Reached skill level 10 in Fighting
 25284 | Lair:5   | Noticed Josephine
 25294 | Lair:5   | Killed Josephine
 25306 | Lair:5   | Reached skill level 10 in Translocations
 26150 | Lair:5   | Reached skill level 14 in Dodging
 26434 | Orc:1    | Entered Level 1 of the Orcish Mines
 26672 | D:12     | Identified the +4 long sword of the Queen {holy, rPois
                  | rN+++ Str-5}
 26787 | D:12     | Identified the +3 flail of Ascent {flame, rElec rC+ SInv}
 26901 | D:12     | Noticed Snorg
 26902 | D:12     | Noticed Jorgrun
 26910 | D:12     | Killed Snorg
 26923 | D:12     | Killed Jorgrun
 27819 | D:13     | Found a gate to the Vaults.
 28312 | D:13     | Reached skill level 15 in Dodging
 28513 | D:13     | Reached XP level 15. HP: 60/71 MP: 18/30
 29087 | D:13     | Learned a level 7 spell: Storm Form
 29101 | D:14     | Noticed Azrael
 29391 | D:14     | Reached skill level 1 in Transmutations
 29952 | D:14     | Killed Azrael
 30841 | D:14     | Noticed Frances
 30865 | D:14     | Killed Frances
 31165 | D:14     | Noticed Lodul
 31196 | D:14     | Killed Lodul
 31597 | D:15     | Entered Level 15 of the Dungeon
 32348 | D:15     | Reached skill level 16 in Dodging
 32675 | D:15     | Reached skill level 5 in Transmutations
 32732 | D:15     | Found a staircase to the Depths.
 34153 | Orc:1    | Found Ycho Ucuwi's Antique Weapon Shop.
 34269 | Orc:2    | Entered Level 2 of the Orcish Mines
 34322 | Orc:2    | Found a staircase to the Elven Halls.
 34363 | Orc:2    | Reached skill level 10 in Air Magic
 34399 | Orc:2    | Found a flickering gateway to a bazaar.
 34408 | Bazaar   | Entered a bazaar
 34522 | Bazaar   | Found Acivexasche's Jewellery Emporium.
 34522 | Bazaar   | Found Pooblit's Magic Scroll Shoppe.
 34530 | Bazaar   | Bought a scroll of identify for 24 gold pieces
 34530 | Bazaar   | Bought a scroll of identify for 24 gold pieces
 34530 | Bazaar   | Bought a scroll of teleportation for 36 gold pieces
 34530 | Bazaar   | Bought a scroll of teleportation for 36 gold pieces
 34532 | Bazaar   | Bought an amulet of regeneration for 330 gold pieces
 34532 | Bazaar   | Bought the ring "Seurgh" {Will+ Int+9 Dex-3 Stlth+} for 521
                  | gold pieces
 34927 | Orc:1    | Noticed Erica
 34933 | Orc:1    | Killed Erica
 35403 | Orc:2    | Reached XP level 16. HP: 68/77 MP: 24/31
 35678 | Orc:2    | Found Muelug's Antique Weapon Shoppe.
 35684 | Orc:2    | Found Biqiorev's Magic Scroll Boutique.
 35692 | Orc:2    | Found Zasm's Weapon Boutique.
 35708 | Orc:2    | Found Xafriy's Jewellery Shoppe.
 35982 | Shoals:1 | Entered Level 1 of the Shoals
 35982 | Shoals:1 | Noticed sleeves's ghost (adept SpAE)
 35982 | Shoals:1 | Found a runed translucent gate.
 35982 | Shoals:1 | Found a runed translucent gate.
 35982 | Shoals:1 | Found a runed translucent gate.
 36880 | Shoals:1 | Shot with a sling bullet by a faun
 36881 | Shoals:1 | Reached XP level 15. HP: -1/73 MP: 18/30
 38144 | Shoals:2 | Mangled by a snapping turtle
 38145 | Shoals:2 | Reached XP level 14. HP: -9/70 MP: 18/29
 38186 | Shoals:2 | Reached skill level 17 in Dodging
 38186 | Shoals:2 | Mangled by a death yak

Illustrated notes

Levels and vault maps discovered:
D:1:      lightli_molten_gateway, layout_loops_ring,
          chequers_ecumenical_altar_simple
D:2:      layout_loops_ring, basic_altar, kennysheep_cross_bottleneck,
          chequers_serial_rivers_room_b, minmay_bisected, uniq_robin
D:3:      minmay_goblin_kobold_castle, layout_basic,
          minmay_randomly_rotated_circles, uniq_sigmund
D:4:      layout_basic, minmay_misc_feat_four_crosses, kennysheep_generic_room_6
D:5:      layout_cave_pools, serial_rivers, chequers_serial_rivers_micro_e,
          chequers_serial_rivers_micro_d, chequers_serial_rivers_small_a,
          chequers_serial_rivers_micro_d, serial_shops, shop, shop,
          nicolae_square_shop, nicolae_shop_competitors_out_of_business,
          nicolae_shop_advertising_works [nicolae_subvault_shop_adworks]
D:6:      layout_loops_ring, minmay_temple_entry_fiery, kennysheep_dice
D:7:      layout_rooms, chequers_decorated_corner
D:8:      layout_loops_corners, dpeg_lair_monsters, uniq_joseph, uniq_maggie
D:9:      layout_roguey, orc_0_dummy, uniq_erolcha
D:10:     layout_long_grid, mainiacjoe_overflow_chevrons, serial_shops, shop,
          kennysheep_mini_moat, nicolae_shop_stone, nicolae_square_shop,
          evilmike_minifort
D:11:     layout_layer_cave, roderic_serpentine_path, kiku_gazebo_garden_becter
D:12:     layout_basic, uniq_snorg, uniq_jorgrun
D:13:     layout_irregular_city, lightli_vaults_fourway_checkpoint, minivault_8
D:14:     layout_basic, uniq_azrael, uniq_lodul, uniq_frances
D:15:     grunt_enter_depths_magical_seal, layout_basic, grunt_decor_clamped,
          chequers_serial_rivers_marsh
Temple:   regret_index_temple_sigil_plot
Lair:1:   layout_loops_ring, gauntlet_entry_generic, serial_bayou_shore_b,
          uniq_grum, uniq_sonja, uniq_amaemon, uniq_nergalle
Lair:2:   layout_gridlike, maelrawn_ghost_gauntlet_escape,
          nicolae_lair_liquid_snakes, serial_bayou_shore_a, lemuel_fruit_tree
Lair:3:   layout_hall_layers, minmay_shoals_entry_centaurs,
          nicolae_spider_entry_orb_guardian
Lair:4:   layout_roguey, basic_altar, minivault_11
Lair:5:   grunt_lair_end_beastmaster, layout_loops_ring, slime_entry_1,
          minmay_lair_drake_nest, uniq_josephine
Shoals:1: layout_shoals, ebering_ghost_rock_garden
Shoals:2: layout_shoals, nicolae_shoals_pincushion_passage, uniq_ilsuiw,
          uniq_polyphemus
Orc:1:    layout_diamond_mine, serial_shops, nicolae_shop_statue_plus,
          portal_ice_cave_entry_ice_simulacra, uniq_erica
Orc:2:    st_orc_elflike, layout_caves, serial_shops, bzr_entry_gold

Skill      XL: |  1  2  3  4  5  6  7  8  9 10 11 12 13 14 15 16 |
---------------+-------------------------------------------------+-----
Spellcasting   | 3 4 5 6 8 9 10 | 10.5
Summonings     | 5 6 9 10 11 12 13 14 | 14.0
Hexes          | 2 3 5 7 9 10 | 10.0
Air Magic      | 2 6 5 7 8 11 | 11.1
Fighting       | 2 4 6 8 9 11 13 | 13.1
Dodging        | 4 6 9 11 13 17 16 | 17.0
Translocations | 5 9 10 | 10.0
Transmutations | 7 8 |  8.8
Stealth        | |  2.6

Action                   |  1- 3 |  4- 6 |  7- 9 | 10-12 | 13-15 | 16-18 || total
-------------------------+-------+-------+-------+-------+-------+-------++-------
Melee: Unarmed           |    10 |     6 |    24 |    15 |    78 |     1 ||   134
       Bite              |       |       |     5 |       |    17 |       ||    22
       Punch             |       |       |       |     1 |     2 |       ||     3
 Cast: Summon Small Mamm |    26 |     5 |    13 |       |       |       ||    44
       Call Imp          |    16 |    13 |    38 |     8 |       |       ||    75
       Call Canine Famil |     6 |    18 |    58 |    43 |    41 |    10 ||   176
       Summon Guardian G |       |       |    35 |    55 |    42 |       ||   132
       Summon Lightning  |       |       |     7 |    36 |    47 |     1 ||    91
       Summon Mana Viper |       |       |       |    24 |    85 |    16 ||   125
       Summon Cactus Gia |       |       |       |    19 |   134 |    12 ||   165
       Summon Forest     |       |       |       |    10 |    20 |     2 ||    32
Invok: Potion Petition   |       |       |       |       |     5 |     1 ||     6
       Call Merchant     |       |       |       |       |     2 |       ||     2
  Use: Potion            |       |       |     1 |       |     1 |       ||     2
       Scroll            |       |       |     9 |    11 |    11 |     1 ||    32
 Stab: Sleeping          |       |       |     1 |       |       |       ||     1
       Distracted        |       |       |       |     1 |       |     1 ||     2
       Betrayed ally     |       |       |       |       |     1 |       ||     1
Armor: Skin              |     1 |       |     2 |     2 |    13 |       ||    18
Dodge: Dodged            |    34 |    15 |    66 |   135 |   402 |    44 ||   696
